AoeStats
← K

Black Forest

510107472Analyzed
4v4 RM · 3d ago on Sep 29, 2026· 43m 4s· 8 players
Game mode
Random Map
Map size
Large (8 player)
Population
200
Speed
Normal
Resources
Standard
Victory
Conquest
Starting age
Dark Age
Ending age
Imperial Age
RankedLock teamsTeams togetherTeam positionsShared explorationLock speedFull tech treeHidden civsTurbo modeCheats
Victory
Defeat
🇩🇪 Bohemians · Germany
1197
+12
🇨🇳 Mongols · China
1160
+14
🇦🇷 Goths · Argentina
1156
+14
🇩🇪 Slavs · Germany
1151
+14
🇨🇳 Cumans · China
1161
-16
🇮🇳 Mongols · India
1107
-13
🇨🇳 Jurchens · China
1087
-13
🇬🇧 Dravidians · United Kingdom
1075
-12
Steffler
0:55 Loom
13:19 Feudal Age
14:27 Double-Bit Axe
14:23 Horse Collar
17:32 Castle Age
22:34 Imperial Age
20:49 Bow Saw
23:21 Chemistry
23:06 Heavy Plow
23:25 Padded Archer Armor
26:19 Wheelbarrow
27:04 Padded Archer Armor
29:53 Leather Archer Armor
33:17 Ring Archer Armor
33:09 Ballistics
34:46 Two-Man Saw
36:45 Siege Engineers
37:57 Scale Mail Armor
38:08 Forging
40:59 Houfnice
43:33 Fletching
King Stannis
5:09 Loom
11:04 Feudal Age
15:53 Castle Age
14:07 Double-Bit Axe
14:05 Horse Collar
17:41 Bow Saw
20:59 Wheelbarrow
21:13 Wheelbarrow
22:29 Hand Cart
22:30 Stone Mining
22:38 Gold Mining
24:05 Gold Shaft Mining
29:10 Imperial Age
27:38 Forging
28:18 Scale Barding Armor
29:01 Iron Casting
28:42 Detinets
29:57 Bloodlines
29:48 Husbandry
30:25 Elite Boyar
32:43 Blast Furnace
32:03 Chain Barding Armor
34:17 Fortified Wall
37:04 Hoardings
37:57 Fletching
38:43 Plate Barding Armor
38:34 Ballistics
39:15 Chemistry
40:11 Bodkin Arrow
LuchooOo
0:32 Loom
11:31 Feudal Age
11:32 Man-at-Arms
15:11 Double-Bit Axe
17:18 Forging
24:49 Castle Age
23:04 Horse Collar
23:41 Scale Mail Armor
23:46 Stone Mining
24:26 Fletching
25:34 Bodkin Arrow
26:12 Chain Mail Armor
28:52 Long Swordsman
29:57 Murder Holes
30:43 Wheelbarrow
30:22 Bow Saw
30:03 Gold Mining
30:15 Heavy Plow
30:33 Squires
34:22 Iron Casting
34:02 Town Watch
35:48 Pikeman
42:45 Stone Shaft Mining
42:44 Anarchy
出兵保護我~
1:36 Loom
11:23 Feudal Age
15:56 Castle Age
13:49 Double-Bit Axe
14:26 Horse Collar
17:34 Wheelbarrow
17:59 Bow Saw
18:01 Heavy Plow
20:38 Stone Mining
20:57 Gold Mining
27:10 Gold Shaft Mining
27:02 Hand Cart
27:59 Stone Shaft Mining
30:49 Imperial Age
28:12 Fletching
28:22 Padded Archer Armor
29:44 Ballistics
29:36 Bodkin Arrow
31:16 Caravan
32:42 Chemistry
31:52 Masonry
32:53 Leather Archer Armor
32:41 Bracer
32:54 Capped Ram
34:09 Forging
34:16 Leather Archer Armor
34:00 Elite Mangudai
35:34 Conscription
35:33 Siege Ram
36:22 Scale Barding Armor
36:27 Forging
37:03 Drill
38:46 Chain Barding Armor
39:01 Iron Casting
39:23 Bloodlines
39:13 Husbandry
38:34 Light Cavalry
42:45 Siege Engineers
44:08 Blast Furnace
42:31 Hussar
ultrasur
2:13 Loom
14:15 Feudal Age
15:31 Wheelbarrow
18:25 Castle Age
17:19 Double-Bit Axe
17:25 Gold Mining
17:51 Horse Collar
20:13 Bow Saw
25:49 Gold Shaft Mining
27:24 Town Watch
27:55 Hand Cart
28:52 Heavy Plow
31:45 Imperial Age
29:31 Hand Cart
29:35 Town Patrol
30:21 Fletching
30:31 Padded Archer Armor
31:50 Ballistics
32:24 Bodkin Arrow
33:31 Chemistry
33:24 Bracer
33:40 Leather Archer Armor
34:10 Conscription
34:20 Bloodlines
34:10 Husbandry
34:16 Thumb Ring
34:06 Stone Mining
35:25 Light Cavalry
36:43 Parthian Tactics
36:46 Elite Mangudai
38:09 Hussar
YuangXue
12:32 Feudal Age
17:22 Castle Age
15:29 Double-Bit Axe
16:51 Horse Collar
20:09 Bow Saw
22:21 Wheelbarrow
22:51 Heavy Plow
25:44 Hand Cart
27:35 Gold Mining
30:38 Husbandry
30:49 Bloodlines
SAOWEN
9:17 Feudal Age
9:58 Double-Bit Axe
11:51 Loom
13:31 Horse Collar
20:26 Wheelbarrow
22:51 Castle Age
22:34 Scale Barding Armor
22:40 Forging
22:42 Gold Mining
24:01 Bloodlines
24:06 Heavy Plow
24:19 Bow Saw
24:29 Hand Cart
24:54 Gold Shaft Mining
26:27 Chain Barding Armor
31:59 Imperial Age
30:08 Ballistics
30:27 Iron Casting
30:31 Stone Mining
30:08 Light Cavalry
32:11 Cavalier
33:33 Plate Barding Armor
33:59 Blast Furnace
35:04 Chemistry
36:20 Cuman Mercenaries
36:40 Conscription
36:23 Steppe Husbandry
35:44 Elite Kipchak
36:40 Paladin
36:46 Paladin
38:15 Thumb Ring
38:35 Parthian Tactics
38:05 Fletching
38:16 Padded Archer Armor
K
11:23 Feudal Age
13:06 Man-at-Arms
14:02 Forging
17:15 Scale Barding Armor
22:22 Arson
27:49 Stone Mining
30:47 Castle Age
Connection lost

Rejoining the realm…

Still unreachable

The connection could not be restored.

Session expired

The server has moved on; the page needs a fresh start.